General information
- name: BNet
- type: Ladder team game (AT/RT)
- host: Battle.net
- saver: HORNYFOR_FROGS
map: Slalom
- players: 8
- length: 29:12
- speed: Fast
- version: 1.23 W3XP
- replay type: Public
» download(131 KB)
Players
team 1 (loser)

»
captaingspot (
pink | 27 APM | 644 actions | 23:29)
5 Blademaster
3 Wind Walk
2 Critical Strike
» actions
| Assign group hotkey | 13 | |
| Basic commands | 64 | |
| Build / train | 60 | |
| ESC pressed | 2 | |
| Enter build submenu | 25 | |
| Enter hero's abilities submenu | 5 | |
| Give item / drop item | 4 | |
| Right click | 157 | |
| Select / deselect | 167 | |
| Select group hotkey | 103 | |
| Use ability | 44 | |
644 total
» units
| Peon | 19 | |
| Grunt | 6 | |
| Shaman | 9 | |
| Tauren | 7 | |
41 total
» upgrades
| Melee Weapons | 2 | |
| Armor | 2 | |
| Berserker Strength | 1 | |
| Shaman Training | 2 | |
| Pulverize | 1 | |
8 total
» buildings
| Altar of Storms | 1 | |
| Orc Burrow | 8 | |
| Barracks | 2 | |
| War Mill | 1 | |
| Voodoo Lounge | 1 | |
| Stronghold | 1 | |
| Great Hall | 1 | |
| Spirit Lodge | 2 | |
| Fortress | 1 | |
| Tauren Totem | 2 | |
| Watch Tower | 15 | |
35 total
» build order
00:30 Altar of Storms
00:44 Orc Burrow
00:58 Barracks
02:19 Orc Burrow
02:23 Orc Burrow
02:42 War Mill
02:50 Barracks
03:45 Voodoo Lounge
04:32 Stronghold
05:22 Orc Burrow
06:07 Great Hall
07:18 Spirit Lodge
07:20 Spirit Lodge
07:39 Fortress
09:39 Orc Burrow
09:41 Orc Burrow
10:19 Tauren Totem
10:55 Tauren Totem
13:07 Orc Burrow
13:10 Orc Burrow
15:07 Watch Tower
15:09 Watch Tower
16:38 Watch Tower
16:40 Watch Tower
17:52 Watch Tower
17:54 Watch Tower
20:18 Watch Tower
20:19 Watch Tower
20:20 Watch Tower
20:26 Watch Tower
20:27 Watch Tower
20:28 Watch Tower
20:30 Watch Tower
22:59 Watch Tower
23:00 Watch Tower
» items
| Orb of Lightning | 1 | |
| Scroll of Town Portal | 1 | |
| Potion of Lesser Invulnerability | 1 | |
3 total

»
coca-cola. (
red | 23 APM | 539 actions | 22:57)
3 Blademaster
2 Wind Walk
1 Critical Strike
» actions
| Assign group hotkey | 1 | |
| Build / train | 33 | |
| Enter build submenu | 24 | |
| Enter hero's abilities submenu | 3 | |
| Right click | 320 | |
| Select / deselect | 140 | |
| Select group hotkey | 1 | |
| Use ability | 17 | |
539 total
» units
| Peon | 5 | |
| Troll Headhunter/Berserker | 8 | |
| Wind Rider | 10 | |
23 total
» upgrades
| Envenomed Spears | 1 | |
| Berserker Upgrade | 1 | |
| Ranged Weapons | 1 | |
| Troll Regeneration | 1 | |
4 total
» buildings
| Altar of Storms | 1 | |
| Orc Burrow | 7 | |
| Barracks | 1 | |
| War Mill | 1 | |
| Stronghold | 1 | |
| Beastiary | 1 | |
| Spirit Lodge | 1 | |
| Voodoo Lounge | 1 | |
| Fortress | 1 | |
| Watch Tower | 3 | |
| Great Hall | 1 | |
19 total
» build order
00:08 Altar of Storms
00:21 Orc Burrow
01:07 Barracks
01:21 War Mill
02:33 Orc Burrow
03:55 Orc Burrow
04:36 Orc Burrow
04:59 Stronghold
07:08 Orc Burrow
08:06 Beastiary
09:05 Spirit Lodge
09:26 Voodoo Lounge
10:14 Fortress
10:28 Orc Burrow
12:00 Watch Tower
13:57 Orc Burrow
17:19 Watch Tower
19:09 Watch Tower
20:28 Great Hall

»
longjo (
yellow | 22 APM | 644 actions | 29:11)
6 Warden
3 Fan of Knives
1 Blink
1 Shadow Strike
1 Spirit of Vengeance
» actions
| Basic commands | 6 | |
| Build / train | 110 | |
| Enter build submenu | 40 | |
| Enter hero's abilities submenu | 6 | |
| Remove unit from queue | 3 | |
| Right click | 132 | |
| Select / deselect | 294 | |
| Use ability | 53 | |
644 total
» units
| Wisp | 36 | |
| Archer | 15 | |
| Huntress | 5 | |
| Dryad | 8 | |
| Frost Revenant | 1 | |
| Nerubian Webspinner | 1 | |
| Mountain Giant | 3 | |
| Druid of the Claw | 2 | |
| Glaive Thrower | 3 | |
| Hippogryph | 5 | |
| Faerie Dragon | 4 | |
| Druid of the Talon | 2 | |
| Troll Headhunter/Berserker | 3 | |
88 total
» upgrades
| Strength of the Moon | 2 | |
| Strength of the Wild | 2 | |
| Moon Armor | 2 | |
| Reinforced Hides | 2 | |
| Improved Bows | 1 | |
| Abolish Magic | 1 | |
| Druid of the Claw Training | 1 | |
| Druid of the Talon Training | 1 | |
12 total
» buildings
| Altar of Elders | 1 | |
| Ancient of War | 3 | |
| Moon Well | 8 | |
| Hunter's Hall | 1 | |
| Tree of Ages | 1 | |
| Ancient of Wonders | 1 | |
| Ancient Protector | 15 | |
| Ancient of Lore | 1 | |
| Tree of Life | 1 | |
| Ancient of Wind | 1 | |
| Orc Burrow | 2 | |
| Great Hall | 1 | |
36 total
» build order
00:34 Altar of Elders
00:48 Ancient of War
01:03 Moon Well
02:03 Moon Well
02:37 Hunter's Hall
02:59 Moon Well
03:35 Tree of Ages
04:00 Ancient of Wonders
04:36 Ancient Protector
04:56 Moon Well
06:26 Moon Well
06:51 Ancient of Lore
07:00 Ancient Protector
07:34 Moon Well
07:53 Tree of Life
08:59 Ancient Protector
09:07 Ancient Protector
09:11 Ancient Protector
13:13 Ancient of Wind
14:14 Moon Well
14:18 Ancient of War
14:24 Ancient Protector
14:57 Ancient Protector
19:40 Ancient Protector
20:43 Ancient Protector
20:48 Ancient of War
21:16 Ancient Protector
21:44 Moon Well
22:31 Ancient Protector
24:06 Ancient Protector
24:18 Ancient Protector
25:01 Ancient Protector
25:06 Ancient Protector
28:05 Orc Burrow
28:19 Orc Burrow
28:39 Great Hall

»
TMSC (
green | 18 APM | 404 actions | 22:58)
1 Blood Mage
1 Flame Strike
» actions
| Build / train | 36 | |
| Enter build submenu | 13 | |
| Enter hero's abilities submenu | 1 | |
| Remove unit from queue | 2 | |
| Right click | 188 | |
| Select / deselect | 147 | |
| Use ability | 17 | |
404 total
» units
| Peasant | 5 | |
| Footman | 5 | |
| Rifleman | 13 | |
| Mortar Team | 6 | |
| Ice Troll Berserker | 1 | |
| Nerubian Warrior | 1 | |
31 total
» buildings
| Altar of Kings | 1 | |
| Farm | 7 | |
| Barracks | 1 | |
| Blacksmith | 1 | |
| Lumber Mill | 1 | |
| Keep | 1 | |
| Workshop | 1 | |
13 total
» build order
00:09 Altar of Kings
00:14 Farm
00:51 Barracks
01:18 Farm
02:42 Blacksmith
03:04 Lumber Mill
03:30 Farm
04:10 Farm
05:40 Keep
05:50 Farm
07:58 Farm
08:49 Workshop
11:37 Farm
team 2 (winner)

»
Firecolumndamag (
purple | 23 APM | 670 actions | 29:11)
3 Lich
2 Frost Nova
1 Frost Armor
» actions
| Assign group hotkey | 1 | |
| Basic commands | 2 | |
| Build / train | 56 | |
| Enter build submenu | 20 | |
| Enter hero's abilities submenu | 4 | |
| Remove unit from queue | 1 | |
| Right click | 311 | |
| Select / deselect | 242 | |
| Select group hotkey | 4 | |
| Use ability | 29 | |
670 total
» units
| Acolyte | 8 | |
| Ghoul | 10 | |
| Frost Wyrm | 5 | |
| Troll Batrider | 15 | |
38 total
» upgrades
| Creature Attack | 3 | |
| Creature Carapace | 3 | |
| Freezing Breath | 1 | |
| Liquid Fire | 1 | |
8 total
» buildings
| Ziggurat | 9 | |
| Altar of Darkness | 1 | |
| Crypt | 1 | |
| Graveyard | 1 | |
| Halls of the Dead | 1 | |
| Black Citadel | 1 | |
| Sacrificial Pit | 1 | |
| Boneyard | 3 | |
| Spirit Tower | 3 | |
| Orc Burrow | 7 | |
28 total
» build order
00:27 Ziggurat
00:32 Altar of Darkness
00:58 Crypt
01:21 Ziggurat
02:14 Graveyard
02:36 Ziggurat
05:33 Halls of the Dead
05:53 Ziggurat
05:55 Ziggurat
10:23 Black Citadel
10:31 Ziggurat
10:36 Ziggurat
10:59 Sacrificial Pit
12:48 Boneyard
12:51 Boneyard
12:53 Boneyard
14:36 Ziggurat
14:39 Ziggurat
15:22 Spirit Tower
15:24 Spirit Tower
15:26 Spirit Tower
25:54 Orc Burrow
25:54 Orc Burrow
25:55 Orc Burrow
25:56 Orc Burrow
25:57 Orc Burrow
25:58 Orc Burrow
25:59 Orc Burrow
capi (
teal | 16 APM | 241 actions | 14:45)
1 Blademaster
1 Wind Walk
» actions
| Assign group hotkey | 3 | |
| Build / train | 17 | |
| Enter build submenu | 15 | |
| Enter hero's abilities submenu | 1 | |
| Right click | 112 | |
| Select / deselect | 63 | |
| Select group hotkey | 5 | |
| Use ability | 25 | |
241 total
» units
| Peon | 4 | |
| Troll Headhunter/Berserker | 2 | |
| Wind Rider | 2 | |
8 total
» upgrades
| Spiked Barricades | 1 | |
| Armor | 1 | |
| Ranged Weapons | 1 | |
3 total
» buildings
| Altar of Storms | 1 | |
| Orc Burrow | 2 | |
| War Mill | 2 | |
| Voodoo Lounge | 1 | |
| Barracks | 1 | |
| Stronghold | 1 | |
| Beastiary | 2 | |
| Watch Tower | 5 | |
15 total
» build order
00:12 Altar of Storms
00:29 Orc Burrow
01:24 War Mill
01:39 Voodoo Lounge
02:52 War Mill
03:05 Barracks
04:48 Stronghold
07:15 Orc Burrow
09:05 Beastiary
09:17 Watch Tower
11:05 Beastiary
11:17 Watch Tower
12:44 Watch Tower
13:15 Watch Tower
14:22 Watch Tower
» items
| Healing Salve | 1 | |
| Potion of Healing | 2 | |
3 total
killerlexxyz (
blue | 26 APM | 766 actions | 29:11)
8 Archmage
2 Blizzard
3 Summon Water Elemental
2 Brilliance Aura
1 Mass Teleport
3 Blademaster
1 Mirror Image
1 Critical Strike
1 Bladestorm
» actions
| Build / train | 127 | |
| Enter build submenu | 40 | |
| Enter hero's abilities submenu | 12 | |
| Give item / drop item | 1 | |
| Right click | 282 | |
| Select / deselect | 236 | |
| Use ability | 68 | |
766 total
» units
| Peasant | 15 | |
| Footman | 13 | |
| Rifleman | 21 | |
| Dragonhawk Rider | 2 | |
| Gryphon Rider | 14 | |
| Wind Rider | 7 | |
| Shaman | 9 | |
81 total
» upgrades
| Defend | 1 | |
| Gunpowder | 1 | |
| Armor | 2 | |
| Long Rifles | 1 | |
| Lumber Harvesting | 2 | |
| Masonry | 2 | |
| Cloud | 1 | |
| Storm Hammers | 2 | |
| Shaman Training | 2 | |
| Witch Doctor Training | 1 | |
15 total
» buildings
| Altar of Kings | 1 | |
| Farm | 17 | |
| Barracks | 1 | |
| Scout Tower | 1 | |
| Arcane Tower | 1 | |
| Blacksmith | 1 | |
| Lumber Mill | 1 | |
| Arcane Vault | 1 | |
| Keep | 1 | |
| Workshop | 2 | |
| Town Hall | 5 | |
| Gryphon Aviary | 2 | |
| Castle | 1 | |
| Fortress | 1 | |
| Spirit Lodge | 1 | |
| Orc Burrow | 5 | |
42 total
» build order
00:24 Altar of Kings
00:39 Farm
00:42 Farm
00:56 Barracks
01:14 Farm
01:56 Farm
02:02 Scout Tower
02:35 Arcane Tower
03:55 Farm
04:02 Blacksmith
04:08 Lumber Mill
04:49 Arcane Vault
04:54 Farm
05:39 Keep
08:25 Workshop
08:28 Workshop
08:54 Town Hall
09:00 Town Hall
09:36 Gryphon Aviary
09:42 Gryphon Aviary
11:17 Farm
11:18 Castle
11:22 Farm
12:14 Farm
12:18 Farm
13:05 Farm
13:12 Farm
13:17 Farm
17:43 Fortress
17:55 Spirit Lodge
20:19 Town Hall
24:34 Town Hall
24:44 Town Hall
25:15 Orc Burrow
25:17 Orc Burrow
25:20 Orc Burrow
25:52 Farm
25:56 Farm
26:00 Farm
26:01 Farm
27:23 Orc Burrow
27:25 Orc Burrow
» items
| Scroll of Regeneration | 1 | |
| Mechanical Critter | 1 | |
2 total
HORNYFOR_FROGS (
orange | 82 APM | 2397 actions | 29:12)
10 Blood Mage
3 Flame Strike
3 Siphon Mana
1 Summon Phoenix
3 Banish
3 Blademaster
2 Wind Walk
1 Critical Strike
» actions
| Assign group hotkey | 41 | |
| Basic commands | 117 | |
| Build / train | 87 | |
| Enter build submenu | 23 | |
| Enter hero's abilities submenu | 13 | |
| Give item / drop item | 3 | |
| Right click | 862 | |
| Select / deselect | 349 | |
| Select group hotkey | 773 | |
| Use ability | 129 | |
2397 total
» units
| Peasant | 16 | |
| Footman | 10 | |
| Gryphon Rider | 14 | |
40 total
» upgrades
| Defend | 1 | |
| Swords | 3 | |
| Armor | 3 | |
| Animal War Training | 1 | |
| Storm Hammers | 1 | |
| Masonry | 1 | |
10 total
» buildings
| Altar of Kings | 1 | |
| Farm | 13 | |
| Barracks | 1 | |
| Scout Tower | 27 | |
| Arcane Tower | 2 | |
| Keep | 3 | |
| Arcane Vault | 1 | |
| Lumber Mill | 1 | |
| Blacksmith | 1 | |
| Town Hall | 1 | |
| Castle | 2 | |
| Gryphon Aviary | 2 | |
| Guard Tower | 9 | |
64 total
» build order
00:06 Altar of Kings
00:18 Farm
00:39 Farm
00:49 Barracks
01:51 Scout Tower
01:54 Farm
02:18 Arcane Tower
02:18 Arcane Tower
03:10 Keep
03:10 Keep
03:10 Keep
03:25 Arcane Vault
03:37 Lumber Mill
04:23 Farm
04:25 Farm
05:15 Blacksmith
06:32 Town Hall
06:48 Castle
06:52 Castle
07:24 Gryphon Aviary
07:26 Gryphon Aviary
09:28 Farm
09:30 Farm
09:32 Farm
09:42 Farm
09:44 Farm
14:15 Farm
14:16 Farm
17:22 Farm
20:16 Scout Tower
20:18 Scout Tower
20:23 Scout Tower
20:26 Scout Tower
21:02 Guard Tower
21:02 Guard Tower
21:07 Guard Tower
21:19 Guard Tower
21:19 Guard Tower
22:45 Guard Tower
22:49 Scout Tower
23:45 Guard Tower
» items
| Scroll of Regeneration | 2 | |
| Orb of Fire | 1 | |
| Staff of Sanctuary | 1 | |
4 total
Chat log
(05:00 / Allies) Firecolumndamag: can i have?
(05:24 / Allies) killerlexxyz: this is my
(05:28 / Allies) Firecolumndamag: k
(06:08 / Allies) Firecolumndamag: ready?
(06:16 / Allies) capi: they are massing ground units and archers
(10:43 / Allies) killerlexxyz: wat units u getting purple
(10:51 / Allies) Firecolumndamag: wyrms i guess
(14:52 / All) Firecolumndamag: wtf
(16:51 / Allies) Firecolumndamag: wtf
(17:25 / Allies) Firecolumndamag: someone has teal right?
(17:59 / Allies) Firecolumndamag: oj lets go hit something
(18:07 / Allies) HORNYFOR_FROGS: why
(18:11 / Allies) HORNYFOR_FROGS: my phoenix
(18:13 / Allies) HORNYFOR_FROGS: already won
(18:16 / Allies) Firecolumndamag: lol
(18:48 / Allies) killerlexxyz: wow it fast
(19:07 / Allies) killerlexxyz: from recoving
(19:52 / All) HORNYFOR_FROGS: lalalalalala
(21:35 / Allies) Firecolumndamag: oj attack
(21:39 / Allies) Firecolumndamag: them
(21:52 / Allies) Firecolumndamag: did u hax?
(23:05 / All) captaingspot: my team sucked so FUCKING bad
(23:08 / All) captaingspot: it wasnt even funny
(23:10 / All) HORNYFOR_FROGS: you suck
(23:20 / All) killerlexxyz: LMAO
(23:23 / All) captaingspot: fuck you. when the game is over my score will own yours
(23:26 / All) captaingspot: cock sucker
(23:28 / All) killerlexxyz: it is funny
(23:29 / All) HORNYFOR_FROGS: lol
(23:31 / All) HORNYFOR_FROGS: doubt it
(26:14 / Allies) Firecolumndamag: just kill yelllow